 Dungeon Crawl Stone Soup version 0.28-a0-1227-ga9037bb4c8 (webtiles) character file.

Game seed: 14014715291161628106

4 Fortus the Shield-Bearer (level 1, -2/11 HPs)
             Began as a Vine Stalker Fighter on Dec 22, 2021.
             Slain by a kobold (5 damage)
             ... on level 1 of the Dungeon.
             The game lasted 00:00:08 (144 turns).

Fortus the Shield-Bearer (Vine Stalker Fighter)      Turns: 144, Time: 00:00:09

Health: -2/11      AC:  6    Str: 18    XL:     1   Next: 70%
Magic:  0/2        EV:  9    Int:  8    God:
Gold:   13         SH:  4    Dex: 13    Spells: 0/0 levels left

rFire   . . .      SeeInvis .   a - +0 war axe
rCold   . . .      Faith    .   c - +0 buckler
rNeg    . . .      Spirit   +   b - +0 scale mail
rPois   .          Reflect  .   (no helmet)
rElec   .          Harm     .   (no cloak)
rCorr   .          Rampage  .   (no gloves)
Will    .....                   (no boots)
Stlth   ..........              (no amulet)
HPRegen 0.03/turn               (no ring)
MPRegen 0.08/turn               (no ring)

@: no status effects
A: fangs 2, magic shield, antimagic bite, no potion heal 2
a: no special abilities


You were on level 1 of the Dungeon.
You visited 1 branch of the dungeon, and saw 1 of its levels.

You collected 13 gold pieces.

Inventory:

Hand Weapons
 a - a +0 war axe (weapon)
Armour
 b - a +0 scale mail (worn)
 c - a +0 buckler (worn)
Potions
 d - a potion of might


   Skills:
 - Level 2.6 Fighting
 + Level 2.2 Axes
 - Level 2.4 Armour
 - Level 2.6 Shields


You couldn't memorise any spells.
You didn't know any spells.
Your spell library was empty.

Dungeon Overview and Level Annotations

Branches:
Dungeon (1/15)

Altars:


Innate Abilities, Weirdness & Mutations

You have extremely sharp teeth.
When hurt, damage is shared between your health and your magic reserves.
Your bite disrupts and absorbs the magic of your enemies.
Potions cannot restore your health.


Message History

A dart slug is nearby!
A dart slug is nearby!
A dart slug is nearby!
The dart slug bites you.
You hit the dart slug.
You bite the dart slug, but do no damage.
The dart slug is lightly wounded.
The dart slug launches a dart at you. The slug dart misses you.
You hit the dart slug. You bite the dart slug. You drain its power.
You feel invigorated.
The dart slug is severely wounded.
The dart slug bites you.
You slash the dart slug!
You kill the dart slug!
Your Axes skill increases to level 2!
HP restored.
A kobold comes into view. It is wielding a +2 whip of pain.
Found 10 gold pieces.
The kobold shouts!
A ball python comes into view.
There are monsters nearby!
There are monsters nearby!
There are monsters nearby!
The ball python misses you. The ball python grabs you.
The ball python constricts you.
You slash the ball python!
You kill the ball python!
You completely miss the kobold. Your bite misses the kobold.
The kobold hits you but does no damage. x2; You writhe in agony.
You hit the kobold but do no damage. The kobold closely misses you.
You hit the kobold. You bite the kobold, but do no damage.
The kobold is severely wounded.
The kobold hits you with a +2 whip of pain.
You closely miss the kobold.
The kobold is severely wounded.
The kobold hits you with a +2 whip of pain.
* * * LOW HITPOINT WARNING * * *
The kobold hits you with a +2 whip of pain.
You die...

..####...####.....#
.......#.##....##.#
.##..###.##....##.##
..........#....##..#
##.............##..#
#..####..###..##..#
.... .............##
. ##..#
##....#[###...#....
....
........K@......#
#... ...........#..#
...#.###......# . ..
#......# ...
#......# .. ...#...#
. ......$..
.#.###.##


You could see a kobold.

Vanquished Creatures
  A dart slug (D:1)
  A ball python (D:1)
  A rat (D:1)
3 creatures vanquished.

Notes
Turn   | Place    | Note
-------+----------+-------------------------------------------
     0 | D:1      | Fortus the Vine Stalker Fighter began the quest for the
                  | Orb.
     0 | D:1      | Reached XP level 1. HP: 11/11 MP: 2/2
   144 | D:1      | Slain by a kobold

Illustrated notes

Levels and vault maps discovered:
D:1:      dpeg_arrival_pits, layout_basic, grunt_decor_one_mirror

Skill      XL: |  1 |
---------------+----+-----
Axes           | 2 |  2.2
Fighting       | |  2.6
Armour         | |  2.4
Shields        | |  2.6

Action                   || total
-------------------------++-------
Melee: War axe           ||    10
       Bite              ||     4
Armor: Scale mail        ||     2
Dodge: Dodged            ||     5

Table legend: (Time is in decaauts)
 A = Elapsed time spent in this place.
 B = Non-inter-level travel time spent in this place.
 C = Inter-level travel time spent in this place.
 D = Time resting spent in this place.
 E = Time spent auto-exploring this place.
 F = Levels seen in this place.
 G = Mean time per level.
                   A        B        C        D        E       F      G
               +--------+--------+--------+--------+--------+-----+--------+
         Total |    147 |    147 |      0 |      0 |    124 |   1 |  147.0 |
       Dungeon |    147 |    147 |      0 |      0 |    124 |   1 |  147.0 |
               +--------+--------+--------+--------+--------+-----+--------+

Top non-repeatable levels by time:
     D:1: 147 daAuts
